 Dungeon Crawl Stone Soup version 0.25.1-11-g244df3a29b (webtiles) character file.

Game seed: 4481356446054886326

30237 DeepDeath the Basher (level 13, -1/83 HPs)
             Began as a Gargoyle Abyssal Knight on Jan 20, 2024.
             Was the Champion of Lugonu.
             Slain by an ettin
             ... wielding a +0 dire flail
              (34 damage)
             ... on level 1 of the Orcish Mines.
             The game lasted 01:02:36 (16062 turns).

DeepDeath the Basher (Gargoyle Abyssal Knight)     Turns: 16062, Time: 01:02:37

Health: -1/83      AC: 33    Str: 21    XL:     13   Next: 50%
Magic:  17/17      EV:  9    Int: 16    God:    Lugonu [******]
Gold:   162        SH:  7    Dex:  9    Spells: 12/12 levels left

rFire    + + .     SeeInvis .   e - +3 mace (elec)
rCold    . . .     Gourm    .   O - +2 buckler of the Elven Halls {rF+ MR+ Str-5}
rNeg     + . .     Faith    .   a - +2 chain mail {rF+}
rPois    ∞         Spirit   .   r - +2 helmet
rElec    +         Reflect  .   B - +2 cloak {MR+}
rCorr    .         Harm     .   Q - +0 pair of gloves
MR       ++...                  J - +0 pair of boots
Stlth    ..........             k - amulet of regeneration
HPRegen  0.63/turn              g - +6 ring of strength
MPRegen  0.15/turn              t - +4 ring of slaying

@: mighty
A: talons 1, clever 1, negative energy resistance 1, electricity resistance,
unbreathing, petrification resistance, rot immunity, AC +9
a: Depart the Abyss, Bend Space, Banish, Corrupt, Enter the Abyss, Brand Weapon
With Distortion, Renounce Religion


You were on level 1 of the Orcish Mines.
You worshipped Lugonu.
Lugonu was exalted by your worship.
You were not hungry.

You visited 3 branches of the dungeon, and saw 18 of its levels.
You visited the Abyss 1 time.

You collected 1594 gold pieces.
You spent 1432 gold pieces at shops.

Inventory:

Hand Weapons
 e - a +3 mace of electrocution (weapon)
 i - a +3 war axe of draining
 l - a +0 dire flail
 w - a +2 vorpal flail
Missiles
 o - 25 poisoned darts (quivered)
 s - 19 boomerangs
 E - 2 throwing nets
Armour
 a - a +2 chain mail of fire resistance (worn)
 r - a +2 helmet (worn)
 B - a +2 cloak of magic resistance (worn)
 J - a +0 pair of boots (worn)
 O - the +2 buckler of the Elven Halls (worn) {rF+ MR+ Str-5}
   (You bought it in a shop on level 11 of the Dungeon)

   It affects your strength (-5).
   It protects you from fire.
   It affects your resistance to hostile enchantments.
 Q - a +0 pair of gloves (worn)
 X - a +3 leather armour of cold resistance
Jewellery
 g - a +6 ring of strength (left hand)
 j - the ring "Tuifrake" {*Corrode MR+ Dex+4 Stlth-}
   (You found it on level 5 of the Lair of Beasts)

   [ring of attention]

   It affects your dexterity (+4).
   It affects your resistance to hostile enchantments.
   It may corrode you when you take damage.
   It makes you less stealthy.
 k - an amulet of regeneration (around neck)
 t - a +4 ring of slaying (right hand)
 F - an uncursed ring of ice
 K - an uncursed amulet of guardian spirit {unknown}
 V - an uncursed ring of fire
Wands
 p - a wand of polymorph (13)
 y - a wand of digging (8)
 M - a wand of disintegration (6)
Scrolls
 h - a scroll of blinking
 n - 2 scrolls of noise
 D - 2 scrolls of fear
 G - 2 scrolls of remove curse
Potions
 b - a potion of heal wounds
 c - 8 potions of curing
 d - a potion of ambrosia
 q - 2 potions of magic
 H - 2 potions of stabbing
 S - 2 potions of flight
Comestibles
 f - 42 rations


   Skills:
 + Level 10.5 Fighting
 - Level 14.0 Maces & Flails
 - Level 6.0 Throwing
 * Level 10.7 Armour
 - Level 3.0 Dodging
 - Level 6.0 Shields
 + Level 6.4 Invocations
 - Level 4.0 Evocations


You had 12 spell levels left.
You didn't know any spells.
Your spell library contained the following spells:

 Spells                   Type           Power        Failure   Level  Hunger
 Animate Skeleton         Necr           N/A          85%         1    ##.....
 Corona                   Hex            #......      85%         1    ##.....
 Magic Dart               Conj           #...         85%         1    ##.....
 Pain                     Necr           #...         85%         1    ##.....
 Sandblast                Erth           #.....       85%         1    ##.....
 Ensorcelled Hibernation  Hex/Ice        #.....       94%         2    ###....
 Passwall                 Tmut/Erth      #.......     94%         2    ###....
 Poisonous Vapours        Pois/Air       #.....       94%         2    ###....
 Searing Ray              Conj           #.....       94%         2    ###....
 Confusing Touch          Hex            #.......     99%         3    ####...
 Conjure Flame            Conj/Fire      #.......     99%         3    ####...
 Dazzling Flash           Conj/Hex       #.....       99%         3    ####...
 Mephitic Cloud           Conj/Pois/Air  #.......     99%         3    ####...
 Stone Arrow              Conj/Erth      #.....       99%         3    ####...
 Tukima's Dance           Hex            #.......     99%         3    ####...
 Vampiric Draining        Necr           #.........   99%         3    ####...
 Animate Dead             Necr           N/A          100%        4    #####..
 Fulminant Prism          Conj/Hex       #.........   100%        4    #####..
 Iskenderun's Mystic Bla  Conj/Tloc      #.......     100%        4    #####..
 Petrify                  Tmut/Erth      #.......     100%        4    #####..
 Agony                    Necr           #.......     100%        5    ######.
 Lee's Rapid Deconstruct  Erth           #.........   100%        5    ######.
 Freezing Cloud           Conj/Ice/Air   #.........   100%        6    #######
 Ring of Flames           Chrm/Fire      #.........   100%        7    #######


Dungeon Overview and Level Annotations

Branches:
Dungeon (11/15)            Temple (0/1) D:7            Lair (5/6) D:11
 Shoals (0/4) Lair:3        Snake (0/4) Lair:3          Orc (2/2) D:11
  Slime: Lair:5-6       Elf: Orc:2

Altars:
Elyvilon
Hepliaklqana
Makhleb
Okawaru
Ru
Uskayaw
Wu Jian
Xom
Yredelemnul
The Shining One
Beogh

Shops:
D:11 [[   Orc:1 *

Annotations:
D:3 1 runed translucent door
D:8 3 runed translucent doors, DeepDeath's ghost, novice FoGl


Innate Abilities, Weirdness & Mutations

You are resistant to torment.
Your stone body is resilient. (AC +9)
You are immune to poison.
You resist negative energy. (rN+)
You are resistant to electric shocks. (rElec)
You can survive without breathing.
You are immune to petrification.
You are immune to rotting.
You have sharp toenails.
Your mind is acute. (Int +2)


Message History

You hear a shout!
The orc sorcerer hits you but does no damage.
The orc sorcerer mumbles some strange words.
The ettin barely misses you.
The ettin hits you with a +0 dire flail!!
The ogre barely misses you.
The orc sorcerer hits you but does no damage.
You climb upwards.
There is a stone staircase leading down here.
Unknown command.
Unknown command.
You bludgeon the ettin!! Lightning courses through the ettin!
The ettin is severely wounded.
The ettin hits you with a +0 dire flail!
The ettin hits you but does no damage. The ogre hits you but does no damage.
The orc sorcerer mumbles some strange words.
You hit the ettin.
The ettin is severely wounded.
The ettin hits you with a +0 dire flail!! x2
You die...

##.......................)[
##...#.........#........)[)[
##.#.#........>.......[...###
#...##..................###..
#...##.................).....
#....#.........[............#
##......................†..##
##..#......C.............#.#
#....#....o@................
##......3.O).............#.#
##.........................
##....................#.....
#####...........[.............##
##..#..........................##
#.....^.........................#
##..#............................
######.................#........


You could see an ettin, a soul eater (summoned), an orc sorcerer and an ogre.

Vanquished Creatures
  Josephine (Lair:4)
  3 hydras
  Erica (D:8)
  An orc knight (Orc:1)
  2 orc sorcerers
  An ugly thing (D:11)
  A cyclops (D:11)
  Maurice (D:8)
  A black mamba (Lair:3)
  3 elephants (Lair:5)
  3 spiny frogs
  5 komodo dragons
  A meliai (Lair:4)
  2 trolls (Orc:1)
  2 hornets
  A queen bee (Lair:4)
  8 hippogriffs
  5 wraiths
  32 yaks
  A shadow (D:11)
  The ghost of melloss the Covert, an amateur SpEn of Kikubaaqudgha (D:5)
  2 steam dragons
  2 hungry ghosts
  9 basilisks
  A redback simulacrum (D:11)
  A warg (Orc:1)
  2 vampire mosquitoes (D:11)
  15 water moccasins
  6 porcupines
  16 orc warriors
  5 sky beasts
  An ice beast (D:8)
  3 wolves (Lair:5)
  3 centaurs
  2 phantoms
  A necrophage (D:7)
  7 ogres
  A big kobold (D:9)
  4 crocodiles
  Blork the orc (D:4)
  A gnoll sergeant (D:5)
  12 bullfrogs
  4 scorpions
  23 killer bees
  4 wights (D:11)
  7 crimson imps
  2 quasits
  Crazy Yiuf (D:5)
  A bullfrog zombie (D:11)
  2 jellies
  4 hounds
  11 orc wizards
  5 orc priests
  3 bullfrog skeletons
  Jessica (D:2)
  Natasha (thrice) (D:3)
  Ijyb (D:4)
  Terence (D:2)
  5 iguanas
  4 hell rats (Lair:3)
  9 worker ants
  2 hound zombies
  10 gnolls
  14 adders
  A shadow imp (D:3)
  2 oozes
  An adder skeleton (D:10)
  5 worms
  2 dart slugs
  6 leopard geckos
  59 orcs
  3 ball pythons
  5 giant cockroaches
  6 goblins
  6 hobgoblins
  7 jackals
  A quokka (D:2)
  9 bats
  3 frilled lizards
  A jackal zombie (D:5)
  12 kobolds
  10 rats
  A fungus (Lair:2)
428 creatures vanquished.

Vanquished Creatures (collateral kills)
  An elephant (Lair:5)
  A meliai (Lair:4)
  A killer bee (Lair:4)
3 creatures vanquished.

Vanquished Creatures (others)
  An elephant (Lair:5)
  A meliai (Lair:4)
  2 killer bees (Lair:4)
  5 fungi
  9 plants
18 creatures vanquished.

Grand Total: 449 creatures vanquished

Notes
Turn   | Place    | Note
-------+----------+-------------------------------------------
     0 | Abyss:1  | DeepDeath the Gargoyle Abyssal Knight began the quest for
                  | the Orb.
     0 | Abyss:1  | Reached XP level 1. HP: 14/14 MP: 2/2
    46 | Abyss:1  | Noticed a starcursed mass
    64 | D:1      | Escaped the Abyss
   134 | D:1      | Reached XP level 2. HP: 8/19 MP: 3/3
   280 | D:1      | Reached * piety under Lugonu
   388 | D:1      | Reached skill level 3 in Maces & Flails
   673 | D:2      | Reached XP level 3. HP: 21/23 MP: 4/4
   723 | D:2      | Noticed Terence
  1142 | D:2      | Noticed Jessica
  1146 | D:2      | Killed Jessica
  1146 | D:2      | Reached skill level 4 in Maces & Flails
  1146 | D:2      | Reached XP level 4. HP: 22/28 MP: 5/5
  1234 | D:2      | Reached ** piety under Lugonu
  1286 | D:2      | Killed Terence
  1461 | D:2      | Noticed a hippogriff
  1595 | D:2      | Found an iron altar of Okawaru.
  1689 | D:3      | Reached skill level 5 in Maces & Flails
  1689 | D:3      | Reached XP level 5. HP: 28/32 MP: 6/6
  2071 | D:3      | Found a runed translucent door.
  2071 | D:3      | Found a glowing golden altar of the Shining One.
  2071 | D:3      | Noticed an angel
  2119 | D:3      | Noticed Natasha
  2136 | D:3      | Killed Natasha
  2463 | D:3      | Noticed Natasha
  2475 | D:3      | Killed Natasha
  2475 | D:3      | Reached skill level 6 in Maces & Flails
  2475 | D:3      | Reached XP level 6. HP: 37/37 MP: 7/7
  2561 | D:3      | You fall into a shaft and drop 1 floor!
  2570 | D:4      | Gained mutation: Your mind is acute. (Int +2) [potion of
                  | mutation]
  2570 | D:4      | Gained mutation: You have sharp toenails. [potion of
                  | mutation]
  2722 | D:3      | Noticed Natasha
  2729 | D:3      | Killed Natasha
  3224 | D:4      | Noticed Ijyb
  3247 | D:4      | Killed Ijyb
  3247 | D:4      | Reached *** piety under Lugonu
  3371 | D:4      | Noticed Blork the orc
  3378 | D:4      | Killed Blork the orc
  3378 | D:4      | Reached skill level 7 in Maces & Flails
  3378 | D:4      | Reached skill level 1 in Throwing
  3378 | D:4      | Reached XP level 7. HP: 33/41 MP: 8/8
  3614 | D:5      | Entered Level 5 of the Dungeon
  3654 | D:5      | Found a runed translucent gate.
  3654 | D:5      | Found a runed translucent gate.
  3654 | D:5      | Found a runed translucent gate.
  3737 | D:5      | Found an ornate altar of the Wu Jian Council.
  3737 | D:5      | Found a hazy altar of Hepliaklqana.
  3998 | D:5      | Reached skill level 8 in Maces & Flails
  4188 | D:5      | Found a runed translucent door.
  4189 | D:5      | Noticed Crazy Yiuf
  4248 | D:5      | Noticed melloss's ghost (amateur SpEn)
  4532 | D:6      | Reached skill level 1 in Dodging
  4612 | D:6      | Reached XP level 8. HP: 23/48 MP: 9/9
  4891 | D:6      | HP: 2/48 [steam dragon/ball of steam (7)]
  4986 | D:6      | Found a burning altar of Makhleb.
  4986 | D:6      | Found a sacrificial altar of Ru.
  4991 | D:6      | Found a hide-covered altar of Uskayaw.
  4993 | D:6      | Found a faded altar of an unknown god.
  4995 | D:6      | Found a faded altar of an unknown god.
  5212 | D:6      | Reached skill level 9 in Maces & Flails
  5484 | D:7      | Found a faded altar of an unknown god.
  5486 | D:7      | Found a staircase to the Ecumenical Temple.
  5515 | D:7      | Got a fine arbalest
  5568 | D:7      | Reached skill level 5 in Fighting
  5603 | D:7      | Reached XP level 9. HP: 54/54 MP: 10/10
  5637 | D:7      | Reached **** piety under Lugonu
  5644 | D:7      | Reached skill level 10 in Maces & Flails
  5851 | D:7      | Reached skill level 1 in Evocations
  6251 | D:8      | Found a runed translucent gate.
  6252 | D:8      | Found a runed translucent gate.
  6253 | D:8      | Found a runed translucent gate.
  6253 | D:8      | Noticed an 11-headed hydra
  6487 | D:8      | Noticed Maurice
  6510 | D:8      | Killed Maurice
  6541 | D:8      | Reached skill level 5 in Armour
  6710 | D:8      | Reached skill level 11 in Maces & Flails
  6715 | D:8      | Reached XP level 10. HP: 43/60 MP: 11/13
  6749 | D:8      | Found a shimmering altar of Xom.
  6790 | D:8      | Found a glowing golden altar of the Shining One.
  6805 | D:8      | Noticed Erica
  6815 | D:8      | Killed Erica
  7102 | D:8      | Reached skill level 12 in Maces & Flails
  7160 | D:8      | Noticed DeepDeath's ghost (novice FoGl)
  7213 | D:8      | Found a roughly hewn altar of Beogh.
  7516 | D:9      | Reached ***** piety under Lugonu
  7675 | D:9      | Found a white marble altar of Elyvilon.
  7714 | D:9      | Found a basalt altar of Yredelemnul.
  8211 | D:10     | Entered Level 10 of the Dungeon
  9026 | D:10     | Reached XP level 11. HP: 59/67 MP: 14/14
  9117 | D:11     | Noticed a purple ugly thing
  9176 | D:11     | Found Wefooxuitt's Armour Shop.
  9178 | D:11     | Bought the +2 buckler of the Elven Halls {rF+ MR+ Str-5}
                  | for 354 gold pieces
  9237 | D:11     | Reached skill level 1 in Shields
  9237 | D:11     | Reached skill level 5 in Invocations
  9266 | D:11     | Killed a purple ugly thing
  9772 | D:11     | Found Jukhlalap's Armour Shop.
  9827 | D:11     | Found a staircase to the Orcish Mines.
  9869 | D:11     | Noticed a cyclops
  9883 | D:11     | Killed a cyclops
  9950 | D:11     | Bought a +3 leather armour of cold resistance for 360 gold
                  | pieces
 10021 | D:11     | Found a staircase to the Lair.
 10127 | Lair:1   | Entered Level 1 of the Lair of Beasts
 10914 | Lair:2   | Reached skill level 13 in Maces & Flails
 11012 | Lair:2   | Reached XP level 12. HP: 64/76 MP: 15/15
 11671 | Lair:2   | Identified the +9 arbalest "Laofenaha" {penet, MR+ Stlth+}
                  | (You found it on level 7 of the Dungeon)
 11733 | Lair:3   | Noticed a four-headed hydra
 11746 | Lair:3   | Killed a four-headed hydra
 11856 | Lair:3   | Reached ****** piety under Lugonu
 11858 | Lair:3   | Found a staircase to the Snake Pit.
 12038 | Lair:3   | Reached skill level 14 in Maces & Flails
 12222 | Lair:3   | Got a steaming scale mail
 12224 | Lair:3   | Identified the cursed +1 scale mail of Bodybe {Int+2 Dex+5}
                  | (You found it on level 3 of the Lair of Beasts)
 12293 | Lair:3   | Found a staircase to the Shoals.
 12991 | D:5      | Killed Crazy Yiuf
 13078 | D:5      | Killed melloss's ghost
 13340 | D:11     | Bought a +2 chain mail of fire resistance for 258 gold
                  | pieces
 13509 | Lair:4   | Reached skill level 5 in Shields
 13698 | Lair:4   | Noticed Josephine
 13710 | Lair:4   | Killed Josephine
 13784 | Lair:4   | Reached skill level 5 in Throwing
 13907 | Lair:4   | Reached XP level 13. HP: 82/82 MP: 17/17
 14616 | Lair:5   | Reached skill level 10 in Fighting
 14824 | Lair:5   | Got a bound tin ring
 14848 | Lair:5   | Reached skill level 10 in Armour
 15308 | Lair:5   | Identified the ring "Tuifrake" {*Corrode MR+ Dex+4 Stlth-}
                  | (You found it on level 5 of the Lair of Beasts)
 15491 | Orc:1    | Entered Level 1 of the Orcish Mines
 15957 | Orc:1    | Found Caewamon's Assorted Antiques.
 15965 | Orc:1    | Bought a potion of heal wounds for 180 gold pieces
 15965 | Orc:1    | Bought a potion of might for 144 gold pieces
 15965 | Orc:1    | Bought 2 sapphire potions for 64 gold pieces
 15965 | Orc:1    | Bought a scroll of identify for 72 gold pieces
 16051 | Orc:2    | Entered Level 2 of the Orcish Mines
 16054 | Orc:2    | Noticed an ettin
 16062 | Orc:1    | Slain by an ettin

Illustrated notes

Levels and vault maps discovered:
D:1:      heliophobic_arrival_glass_houses, layout_rooms
D:2:      layout_loops_ring, okawaru_trees_2, minmay_3d_cube, uniq_jessica,
          uniq_terence
D:3:      layout_loops_ring, lemuel_angel_altar, uniq_natasha
D:4:      layout_rooms, first_ration, hangedman_decor_clover_reticule,
          minmay_misc_feat_five, uniq_blork_the_orc, uniq_ijyb
D:5:      layout_loops_ring, gammafunk_temple_overflow_statue,
          gammafunk_ghost_split, minmay_diced_spiral, uniq_crazy_yiuf_cottage
D:6:      layout_loops_ring, chequers_temple_overflow_minitemple
D:7:      layout_loops_ring, nicolae_temple_entry_ecumenical
D:8:      kennysheep_six_static_rooms, layout_loops_ring, xom_teletrap_fun,
          tso_metal_star, special_room [special_room_orc],
          gammafunk_ghost_hydra_chop, uniq_erica, uniq_maurice
D:9:      layout_roguey, kennysheep_ying_yang
D:10:     layout_loops_corners, ebering_dispersal_statue_hall
D:11:     layout_cave_pools, david_lair_generic, orc_david_3, serial_shops, shop
Lair:1:   layout_cave_pods, minivault_27
Lair:2:   layout_regular_city
Lair:3:   layout_roguey, elwin_shoals_entry_rocks,
          minmay_snake_entry_six_corridors
Lair:4:   layout_roguey [special_room_bee], uniq_josephine
Lair:5:   layout_loops_ring, grunt_megastairs_3, lemuel_fruit_tree,
          serial_bayou_shore_b
Orc:1:    layout_caves, serial_shops, shop, minmay_orc_temple_b
Orc:2:    st_orc_mages, layout_caves, serial_shops, shop_statue,
          portal_ice_cave_demonic_guard, minmay_shop_mayhem

Skill      XL: |  1  2  3  4  5  6  7  8  9 10 11 12 13 |
---------------+----------------------------------------+-----
Maces & Flails | 3 4 5 6 7 8 9 11 12 13 14 | 14.0
Throwing       | 1 2 3 4 5 6 |  6.0
Dodging        | 1 2 3 |  3.0
Armour         | 4 5 7 9 10 | 10.7
Fighting       | 5 6 7 9 10 | 10.5
Evocations     | 2 3 4 |  4.0
Invocations    | 4 5 6 |  6.4
Shields        | 4 5 6 |  6.0

Action                   |  1- 3 |  4- 6 |  7- 9 | 10-12 | 13-15 || total
-------------------------+-------+-------+-------+-------+-------++-------
Melee: Mace              |   127 |   210 |   107 |   422 |   240 ||  1106
       Kick              |       |    18 |    78 |    58 |       ||   154
       Flail             |       |       |   212 |   311 |       ||   523
Throw: Dart              |       |     2 |    35 |    79 |    50 ||   166
       Stone             |       |       |     1 |       |       ||     1
       Throwing net      |       |       |     2 |       |     1 ||     3
       Boomerang         |       |       |       |       |     6 ||     6
Invok: Depart the Abyss  |     1 |       |       |       |       ||     1
Evoke: Wand              |       |     4 |     1 |    17 |     4 ||    26
  Use: Scroll            |     2 |     7 |     8 |    12 |     4 ||    33
       Potion            |       |     1 |     2 |     4 |     1 ||     8
 Stab: Held in net/web   |       |       |     1 |       |       ||     1
       Paralysed         |       |       |       |     6 |       ||     6
       Sleeping          |       |       |       |     2 |       ||     2
       Invisible         |       |       |       |     1 |       ||     1
  Eat: Chunk             |     1 |     7 |     8 |    18 |     6 ||    40
       Ration            |       |       |     1 |     3 |       ||     4
Armor: Leather armour    |    70 |    67 |       |   210 |    93 ||   440
       Ring mail         |       |     9 |   188 |    26 |       ||   223
       Chain mail        |       |       |       |       |    48 ||    48
Dodge: Dodged            |   125 |   125 |   214 |   284 |    91 ||   839
Block: Buckler           |       |       |       |   119 |    71 ||   190
